[ AOE2 MATCH · #506745582 ]
UnrankedPersians vs Gurjaras
Player's team · WIN
Rival team · LOSS
[ REPLAY ANALYSIS · EXTRACTED FROM THE RECORDED GAME ]
Feudal
8:50
Castle
21:51
Imperial
—
| APM avg | 69.8 |
| APM peak | 106 |
| eAPM avg | 25.5 |
| Villagers / military | 76 / 48 |
Focus
⚔️ 28.4% · 🌾 71.6%
Archer ×30 · Knight ×11 · Skirmisher ×4 · Militia ×3
Feudal
9:20
Castle
21:17
Imperial
—
| APM avg | 80.3 |
| APM peak | 118 |
| eAPM avg | 29.2 |
| Villagers / military | 107 / 49 |
Focus
⚔️ 32.9% · 🌾 67.1%
Skirmisher ×27 · Elephant Archer ×12 · Camel Scout ×6 · Archer ×2 · Armored Elephant ×2
Match map
Initial resources + every placement click. Lines = walls · curves = elevation contours. ◆ gold · ⬟ stone · ● berries · ✦ relic · ◌ wall gap
Your base· Open — unwalled flank
MAYBANK MUSIC's base· Open — unwalled flank
Smoothed initial terrain · ◌ = detected wall gap · hover for details
Inputs per minute
— FofocaStyle - - MAYBANK MUSIC
Build order — FofocaStyle
First 150 of 219 actions detected
| 0:01 | Queue | Villager (Male) |
| 0:02 | Queue | Villager (Male) |
| 0:02 | Build | House |
| 0:03 | Build | House |
| 0:12 | Queue | Villager (Male) |
| 0:18 | Queue | Villager (Male) |
| 0:18 | Queue | Villager (Male) |
| 0:19 | Queue | Villager (Male) |
| 1:23 | Queue | Villager (Male) |
| 1:41 | Build | Lumber Camp |
| 1:50 | Queue | Villager (Male) |
| 1:51 | Queue | Villager (Male) |
| 2:32 | Queue | Villager (Male) |
| 2:55 | Queue | Villager (Male) |
| 3:08 | Queue | Villager (Male) |
| 3:08 | Queue | Villager (Male) |
| 3:39 | Build | House |
| 3:54 | Queue | Villager (Male) |
| 3:55 | Queue | Villager (Male) |
| 3:56 | Queue | Villager (Male) |
| 4:27 | Build | Barracks |
| 4:54 | Queue | Villager (Male) |
| 4:59 | Build | House |
| 5:31 | Queue | Villager (Male) |
| 5:46 | Queue | Villager (Male) |
| 5:47 | Research | Loom |
| 6:42 | Research | Feudal Age |
| 6:42 | Research | Feudal Age |
| 6:48 | Build | Mining Camp |
| 6:58 | Queue | Militia |
| 7:18 | Queue | Militia |
| 7:40 | Queue | Militia |
| 7:53 | Build | Mill |
| 8:19 | Build | House |
| 8:20 | Build | Palisade Wall |
| 8:21 | Build | Palisade Wall |
| 8:50 | Age | Feudal Age |
| 8:52 | Queue | Villager (Male) |
| 8:58 | Research | Man-at-Arms (upgrade) |
| 9:22 | Queue | Villager (Male) |
| 9:24 | Build | Archery Range |
| 9:42 | Queue | Villager (Male) |
| 9:57 | Research | Double-Bit Axe |
| 9:57 | Research | Double-Bit Axe |
| 10:03 | Queue | Archer |
| 10:07 | Build | House |
| 10:15 | Queue | Villager (Male) |
| 10:39 | Queue | Villager (Male) |
| 10:44 | Build | House |
| 11:07 | Build | Farm |
| 11:10 | Build | Farm |
| 11:19 | Queue | Archer |
| 11:19 | Queue | Archer |
| 11:20 | Queue | Villager (Male) |
| 11:23 | Build | Palisade Wall |
| 11:26 | Build | Farm |
| 11:27 | Build | Farm |
| 11:32 | Queue | Archer |
| 11:47 | Queue | Villager (Male) |
| 11:58 | Build | Blacksmith |
| 12:05 | Queue | Villager (Male) |
| 12:14 | Queue | Villager (Male) |
| 12:26 | Build | Farm |
| 12:30 | Queue | Archer |
| 12:46 | Queue | Villager (Male) |
| 12:49 | Queue | Archer |
| 12:52 | Queue | Villager (Male) |
| 12:54 | Build | Farm |
| 13:03 | Build | Watch Tower |
| 13:06 | Queue | Villager (Male) |
| 13:10 | Build | House |
| 13:11 | Build | House |
| 13:28 | Queue | Skirmisher |
| 13:29 | Queue | Villager (Male) |
| 13:43 | Build | Farm |
| 13:47 | Queue | Villager (Male) |
| 13:57 | Research | Fletching |
| 14:00 | Queue | Skirmisher |
| 14:12 | Build | Farm |
| 14:15 | Build | House |
| 14:15 | Build | House |
| 14:18 | Build | Palisade Wall |
| 14:19 | Queue | Villager (Male) |
| 14:26 | Build | House |
| 14:27 | Build | Palisade Wall |
| 14:33 | Queue | Skirmisher |
| 14:35 | Queue | Villager (Male) |
| 14:43 | Queue | Villager (Male) |
| 14:51 | Build | Farm |
| 14:59 | Queue | Archer |
| 15:00 | Queue | Villager (Male) |
| 15:06 | Queue | Villager (Male) |
| 15:18 | Queue | Skirmisher |
| 15:30 | Queue | Villager (Male) |
| 15:45 | Queue | Villager (Male) |
| 15:49 | Build | Mill |
| 15:52 | Queue | Archer |
| 15:54 | Queue | Villager (Male) |
| 16:17 | Queue | Archer |
| 16:31 | Queue | Villager (Male) |
| 16:32 | Queue | Archer |
| 16:34 | Build | Farm |
| 16:42 | Queue | Villager (Male) |
| 16:52 | Build | Farm |
| 17:19 | Queue | Villager (Male) |
| 17:43 | Queue | Villager (Male) |
| 17:45 | Queue | Archer |
| 17:54 | Build | Farm |
| 17:55 | Build | Farm |
| 17:56 | Build | Farm |
| 17:57 | Build | Farm |
| 18:05 | Queue | Villager (Male) |
| 18:06 | Queue | Archer |
| 18:15 | Queue | Villager (Male) |
| 18:20 | Queue | Villager (Male) |
| 18:24 | Build | Farm |
| 18:25 | Build | Farm |
| 18:26 | Build | Farm |
| 18:39 | Build | Market |
| 18:47 | Queue | Villager (Male) |
| 18:50 | Queue | Archer |
| 18:52 | Queue | Villager (Male) |
| 19:26 | Research | Castle Age |
| 19:33 | Build | Lumber Camp |
| 19:36 | Research | Horse Collar |
| 19:57 | Research | Scale Barding Armor |
| 20:03 | Queue | Archer |
| 20:25 | Queue | Villager (Male) |
| 20:27 | Build | Farm |
| 20:29 | Queue | Archer |
| 20:32 | Research | Padded Archer Armor |
| 20:44 | Build | Archery Range |
| 21:01 | Build | Farm |
| 21:31 | Build | Stable |
| 21:51 | Age | Castle Age |
| 21:51 | Build | House |
| 21:53 | Research | Crossbowman (upgrade) |
| 21:54 | Research | Crossbowman (upgrade) |
| 21:55 | Research | Bodkin Arrow |
| 22:12 | Queue | Knight |
| 22:21 | Queue | Villager (Male) |
| 22:41 | Queue | Villager (Male) |
| 22:42 | Queue | Knight |
| 22:59 | Queue | Knight |
| 22:59 | Queue | Knight |
| 23:10 | Queue | Villager (Male) |
| 23:16 | Build | House |
| 23:16 | Build | House |
| 23:32 | Queue | Archer |
| 23:32 | Queue | Archer |
Build order — MAYBANK MUSIC
First 150 of 244 actions detected
| 0:01 | Queue | Villager (Male) |
| 0:01 | Queue | Villager (Male) |
| 0:02 | Build | House |
| 0:03 | Build | House |
| 0:10 | Queue | Villager (Male) |
| 0:17 | Queue | Villager (Male) |
| 0:17 | Queue | Villager (Male) |
| 0:57 | Build | Mill |
| 1:31 | Queue | Villager (Male) |
| 1:32 | Queue | Villager (Male) |
| 2:02 | Queue | Villager (Male) |
| 2:02 | Queue | Villager (Male) |
| 2:26 | Queue | Villager (Male) |
| 2:27 | Queue | Villager (Male) |
| 2:37 | Queue | Villager (Male) |
| 2:37 | Queue | Villager (Male) |
| 2:58 | Build | House |
| 3:14 | Queue | Villager (Male) |
| 3:14 | Queue | Villager (Male) |
| 3:25 | Build | House |
| 3:50 | Queue | Villager (Male) |
| 3:51 | Queue | Villager (Male) |
| 3:51 | Queue | Villager (Male) |
| 4:01 | Queue | Villager (Male) |
| 4:09 | Queue | Villager (Male) |
| 4:10 | Queue | Villager (Male) |
| 4:40 | Queue | Villager (Male) |
| 4:41 | Queue | Villager (Male) |
| 4:41 | Queue | Villager (Male) |
| 4:44 | Build | Lumber Camp |
| 5:03 | Queue | Villager (Male) |
| 5:03 | Queue | Villager (Male) |
| 5:14 | Queue | Villager (Male) |
| 5:42 | Queue | Villager (Male) |
| 6:20 | Queue | Villager (Male) |
| 6:43 | Research | Loom |
| 7:07 | Research | Feudal Age |
| 7:07 | Research | Feudal Age |
| 7:54 | Build | Barracks |
| 7:58 | Build | House |
| 8:05 | Build | Palisade Wall |
| 8:23 | Build | Palisade Wall |
| 8:50 | Queue | Villager (Male) |
| 9:05 | Queue | Villager (Male) |
| 9:20 | Age | Feudal Age |
| 9:22 | Build | Archery Range |
| 9:23 | Research | Double-Bit Axe |
| 9:23 | Research | Double-Bit Axe |
| 9:24 | Queue | Villager (Male) |
| 9:35 | Queue | Villager (Male) |
| 9:35 | Queue | Villager (Male) |
| 9:36 | Queue | Villager (Male) |
| 9:36 | Queue | Villager (Male) |
| 10:04 | Queue | Archer |
| 10:07 | Queue | Villager (Male) |
| 10:07 | Queue | Villager (Male) |
| 10:09 | Build | Mining Camp |
| 10:25 | Build | Watch Tower |
| 10:37 | Queue | Villager (Male) |
| 10:41 | Build | Farm |
| 10:45 | Build | Farm |
| 10:54 | Queue | Villager (Male) |
| 10:56 | Build | Farm |
| 11:10 | Queue | Skirmisher |
| 11:13 | Queue | Villager (Male) |
| 11:13 | Queue | Villager (Male) |
| 11:13 | Queue | Villager (Male) |
| 11:15 | Build | Farm |
| 11:18 | Queue | Villager (Male) |
| 11:19 | Queue | Villager (Male) |
| 11:27 | Build | House |
| 11:45 | Build | Farm |
| 12:01 | Build | House |
| 12:04 | Queue | Archer |
| 12:07 | Build | Farm |
| 12:31 | Queue | Villager (Male) |
| 12:32 | Queue | Villager (Male) |
| 12:32 | Queue | Villager (Male) |
| 12:34 | Build | Farm |
| 12:36 | Build | House |
| 12:47 | Queue | Villager (Male) |
| 13:04 | Queue | Skirmisher |
| 13:05 | Queue | Villager (Male) |
| 13:11 | Build | Blacksmith |
| 13:15 | Queue | Villager (Male) |
| 13:21 | Queue | Skirmisher |
| 13:31 | Queue | Villager (Male) |
| 13:34 | Build | Mill |
| 13:47 | Build | Farm |
| 13:47 | Queue | Villager (Male) |
| 13:48 | Queue | Villager (Male) |
| 13:48 | Queue | Villager (Male) |
| 13:59 | Queue | Skirmisher |
| 14:02 | Research | Fletching |
| 14:02 | Research | Fletching |
| 14:08 | Queue | Villager (Male) |
| 14:09 | Queue | Villager (Male) |
| 14:09 | Queue | Villager (Male) |
| 14:11 | Build | Farm |
| 14:14 | Queue | Villager (Male) |
| 14:15 | Queue | Villager (Male) |
| 14:26 | Build | Farm |
| 14:32 | Queue | Villager (Male) |
| 14:46 | Queue | Villager (Male) |
| 14:50 | Queue | Villager (Male) |
| 14:50 | Queue | Villager (Male) |
| 14:52 | Queue | Skirmisher |
| 14:58 | Build | Farm |
| 15:04 | Queue | Villager (Male) |
| 15:05 | Queue | Villager (Male) |
| 15:11 | Queue | Villager (Male) |
| 15:35 | Research | Padded Archer Armor |
| 15:41 | Queue | Villager (Male) |
| 15:43 | Build | Archery Range |
| 15:49 | Queue | Skirmisher |
| 15:59 | Build | Farm |
| 16:01 | Build | Farm |
| 16:18 | Queue | Skirmisher |
| 16:26 | Queue | Skirmisher |
| 16:28 | Queue | Villager (Male) |
| 16:31 | Build | Farm |
| 16:32 | Build | Farm |
| 16:33 | Queue | Villager (Male) |
| 16:33 | Queue | Villager (Male) |
| 16:39 | Queue | Skirmisher |
| 16:39 | Queue | Skirmisher |
| 16:45 | Build | House |
| 17:00 | Queue | Villager (Male) |
| 17:12 | Queue | Villager (Male) |
| 17:36 | Queue | Skirmisher |
| 17:37 | Queue | Skirmisher |
| 17:41 | Build | Market |
| 17:47 | Queue | Skirmisher |
| 17:48 | Queue | Skirmisher |
| 17:48 | Queue | Villager (Male) |
| 17:53 | Build | Farm |
| 18:11 | Queue | Skirmisher |
| 18:11 | Queue | Skirmisher |
| 18:12 | Queue | Villager (Male) |
| 18:23 | Build | Farm |
| 18:24 | Build | Farm |
| 18:35 | Research | Castle Age |
| 18:35 | Research | Castle Age |
| 18:43 | Research | Horse Collar |
| 18:43 | Research | Horse Collar |
| 18:47 | Build | House |
| 18:51 | Build | House |
| 18:55 | Queue | Villager (Male) |
| 18:56 | Queue | Skirmisher |
| 19:15 | Queue | Skirmisher |
Match timeline
| 4:27 | FofocaStyle · first_building Barracks |
| 7:54 | MAYBANK MUSIC · first_building Barracks |
| 8:05 | MAYBANK MUSIC · wall_segment Palisade Wall x7 |
| 8:20 | FofocaStyle · wall_segment Palisade Wall x1 |
| 8:21 | FofocaStyle · wall_segment Palisade Wall x1 |
| 8:23 | MAYBANK MUSIC · wall_segment Palisade Wall x7 |
| 8:50 | FofocaStyle · age_up feudal |
| 9:20 | MAYBANK MUSIC · age_up feudal |
| 9:22 | MAYBANK MUSIC · first_building Archery Range |
| 9:24 | FofocaStyle · first_building Archery Range |
| 11:23 | FofocaStyle · wall_segment Palisade Wall x6 |
| 14:18 | FofocaStyle · wall_segment Palisade Wall x4 |
| 14:27 | FofocaStyle · wall_segment Palisade Wall x1 |
| 19:22 | MAYBANK MUSIC · first_building Stable |
| 20:06 | MAYBANK MUSIC · first_market_buy 100 wood |
| 21:17 | MAYBANK MUSIC · age_up castle |
| 21:31 | FofocaStyle · first_building Stable |
| 21:51 | FofocaStyle · age_up castle |
| 22:27 | FofocaStyle · first_market_sell 100 food |
| 22:52 | MAYBANK MUSIC · first_building Siege Workshop |
| 26:00 | FofocaStyle · first_market_buy 100 wood |
| 29:55 | MAYBANK MUSIC · resign |
[ AI ANALYSIS · 1 CREDIT ]
What really happened in this match?
Wolo.gg analyzes every decision: build order, eco, micro, common mistakes by bracket. Personalized analysis on WhatsApp or Discord in 30 seconds.
Civ guide
Persians
Perfil
Jugador #17300339